Map: [ESL] Goldenaura

Players

MaNa - Winner!

  • Race: Protoss Protoss
  • Spawn Location: 5:00

ShoWTimE

  • Race: Protoss Protoss
  • Spawn Location: 12:00

Event: ESL SC2 Masters 2024 Spring (Regional)

VOD

Have the link to the VOD?

Description

Time

  • Played on: May 2, 2024, 9:09 a.m.
  • Length: 7:24

All games in this series

Show
View Real Time Build Order
Export as new Build Order

MaNa Protoss - Winner!

Build Orders: Oracle Opening 

Get SALT Encoding   

  12  0:00  Probe  
  13  0:12  Probe  
  14  0:17  Pylon  
  14  0:24  Probe (Chrono Boost)  
  15  0:36  Probe (Chrono Boost)  
  15  0:38  Gateway  
  16  0:44  Probe (Chrono Boost)  
  16  0:47  Assimilator  
  17  0:51  Probe  
  18  1:03  Probe (Chrono Boost)  
  19  1:04  Assimilator  
  20  1:12  Probe (Chrono Boost)  
  20  1:13  Gateway  
  20  1:17  Probe (Chrono Boost)  
  21  1:28  Cybernetics Core  
  21  1:29  Probe  
  22  1:41  Probe  
  22  1:43  Pylon  
  23  2:01  Probe  
  24  2:05  Adept x2  
  24  2:06  Warp Gate  
  28  2:13  Probe  
  29  2:21  Stargate  
  29  2:24  Pylon  
  29  2:27  Probe  
  30  2:39  Probe  
  34  2:51  Probe  
  31  3:00  Nexus  
  31  3:04  Probe  
  32  3:06  Oracle (Chrono Boost)  
  35  3:16  Probe  
  35  3:19  Pylon  
  36  3:28  Probe (Chrono Boost)  
  37  3:37  Oracle  
  37  3:40  Probe (Chrono Boost)  
  41  3:43  Twilight Council  
  41  3:47  Probe (Chrono Boost)  
  42  3:54  Probe  
  43  4:08  Probe (Chrono Boost), Gateway  
  44  4:11  Gateway  
  44  4:12  Probe (Chrono Boost)  
  45  4:19  Probe (Chrono Boost)  
  45  4:21  Blink (Chrono Boost)  
  45  4:22  Probe (Chrono Boost)  
  47  4:25  Probe (Chrono Boost)  
  47  4:28  Probe (Chrono Boost)  
  47  4:29  Stalker  
  51  4:33  Probe  
  51  4:35  Stalker  
  54  4:40  Pylon  
  54  4:41  Probe  
  55  4:53  Stalker  
  55  4:55  Pylon, Probe x2  
  59  5:02  Stalker x2  
  63  5:11  Stalker  
  63  5:13  Pylon  
  65  5:16  Probe  
  64  5:24  Stalker  
  64  5:25  Stalker  
  64  5:27  Stalker  
  70  5:30  Pylon, Assimilator  
  70  5:34  Stalker  
  72  5:41  Gateway  
  72  5:51  Stalker x2  
  72  5:56  Nexus  
  76  6:03  Probe  
  78  6:06  Stalker x2  
  82  6:13  Pylon  
  82  6:16  Stalker  
  82  6:17  Stalker  
  85  6:21  Probe  
  85  6:22  Probe  
  87  6:26  Pylon  
  85  6:39  Stalker x3  
  83  6:49  Stalker x2  
  83  6:50  Probe x2  
  85  7:02  Probe  
  85  7:03  Probe  
  79  7:13  Stalker x4  
  79  7:14  Zealot  
Show
View Real Time Build Order
Export as new Build Order

ShoWTimE Protoss 

Build Orders: Phoenix Opening, Blink Stalkers 

Get SALT Encoding   

  12  0:00  Probe  
  13  0:12  Probe  
  14  0:17  Pylon  
  14  0:24  Probe (Chrono Boost)  
  15  0:36  Probe (Chrono Boost), Gateway  
  16  0:44  Probe (Chrono Boost)  
  16  0:46  Assimilator  
  17  0:51  Probe  
  18  1:03  Probe (Chrono Boost)  
  19  1:04  Assimilator  
  19  1:09  Gateway  
  19  1:13  Probe (Chrono Boost)  
  19  1:18  Probe (Chrono Boost)  
  20  1:25  Cybernetics Core  
  21  1:29  Probe  
  22  1:37  Pylon  
  22  1:41  Probe  
  23  1:55  Probe  
  23  2:01  Warp Gate, Stalker  
  26  2:07  Sentry  
  28  2:12  Pylon  
  28  2:16  Probe  
  28  2:21  Pylon  
  29  2:28  Probe  
  30  2:32  Sentry  
  32  2:38  Phoenix  
  32  2:41  Pylon  
  32  2:42  Probe  
  32  2:43  Stalker  
  34  2:58  Nexus  
  34  3:00  Probe  
  35  3:10  Twilight Council  
  35  3:13  Probe  
  35  3:19  Pylon  
  36  3:25  Probe  
  37  3:30  Shield Battery  
  37  3:37  Probe  
  38  3:49  Probe  
  38  3:51  Stalker x2  
  38  3:52  Blink (Chrono Boost)  
  43  4:01  Probe (Chrono Boost)  
  44  4:07  Phoenix  
  44  4:11  Probe (Chrono Boost)  
  44  4:13  Probe (Chrono Boost)  
  44  4:14  Sentry  
  44  4:16  Stalker, Probe (Chrono Boost)  
  50  4:18  Probe  
  52  4:26  Probe  
  52  4:27  Probe  
  52  4:30  Shield Battery  
  54  4:36  Probe  
  55  4:39  Stalker  
  55  4:40  Probe  
  55  4:42  Shield Battery  
  58  4:47  Stalker  
  58  4:48  Probe  
  58  4:51  Pylon  
  58  4:52  Probe  
  62  5:01  Assimilator  
  62  5:03  Shield Battery  
  62  5:07  Phoenix  
  62  5:09  Probe x2  
  64  5:17  Pylon  
  64  5:20  Stalker x2  
  68  5:21  Probe  
  68  5:24  Probe  
  70  5:36  Nexus  
  70  5:37  Probe  
  70  5:38  Probe  
  70  5:40  Shield Battery  
  72  5:46  Stalker x2  
  72  5:49  Phoenix  
  77  5:50  Probe  
  77  5:51  Pylon  
  77  5:53  Probe  
  77  5:56  Robotics Facility  
  78  5:59  Gateway  
  78  6:09  Probe x2  
  78  6:10  Stalker x2  
  84  6:15  Shield Battery  
  84  6:21  Probe x2  
  84  6:24  Forge  
  82  6:33  Probe x2  
  82  6:34  Stalker x2  
  70  6:45  Probe x2  
  65  6:48  Probe  
  65  6:53  Stalker  
  68  6:57  Probe x2  
  68  6:58  Stalker x2  
  68  7:00  Probe  
  69  7:09  Probe x2  
  57  7:18  Stalker  
Tags
 
Add a new tag
Caveats
  • Supply blocks, unpowered buildings, or Contaminate may cause inaccurate times.
  • Supply counts are checked every 10 seconds.